cohdb
Replays
Latest Replays
All Replays
Popular Replays
Top Player Replays
Match Explorer
How It Works
Community
CoH3 Stats
Reddit
Sign in to upload your games and track your stats! →
Sign in with Steam
Match 42747680
Unlisted
Match 42747680
Overview
Messages
Build Orders
End
Vickers Machine Gun Team
Construct Section Command Post
Infantry Section
Infantry Section
Dingo Light Scout Car
Construct Platoon Command Post
Construct Field Infirmary
Unlock M3 Stuart Light Tanks
Infantry Section
M3 Stuart Light Tank
Grenade Package
M3 Stuart Light Tank
Royal Engineer Section
Infantry Section
Infantry Training
Construct Company Command Post
M3 Stuart Light Tank
Selects Air and Sea Battlegroup
Selects Commando Section Paradrop
Selects Commando Support Section Paradrop
6-pounder Anti-tank Gun Team
Royal Engineer Section
Selects Anti-tank Rocket Loiter
6-pounder Anti-tank Gun Team
Construct Company Command Post
Crusader II Medium Tank
Unlock M3 Grant Medium Tanks
Royal Engineer Section
M3 Grant Medium Tank
stormbangbang
Sevas
0
0
Comments
sign in to comment!
No comments posted yet!